Map: [ESL] Oceanborn

Players

Harstem - Winner!

  • Race: Protoss Protoss
  • League: Master
  • Spawn Location: 5:00

DieMauer (ShoWTimE)

  • Race: Protoss Protoss
  • League: Grandmaster
  • Spawn Location: 11:00

Event: Bellum Gens Elite Stara Zagora 2024

VOD

Have the link to the VOD?

Description

Time

  • Played on: Sept. 5, 2024, 9:04 a.m.
  • Length: 12:57

All games in this series

Show
View Real Time Build Order
Export as new Build Order

Harstem Protoss - Winner!

Build Orders: Archon Immortal 

Get SALT Encoding   

  12  0:00  Probe  
  13  0:12  Probe  
  14  0:17  Pylon  
  14  0:24  Probe  
  15  0:35  Gateway  
  15  0:36  Probe (Chrono Boost)  
  16  0:46  Assimilator, Probe (Chrono Boost)  
  17  0:51  Probe (Chrono Boost)  
  17  0:54  Assimilator  
  18  1:03  Probe (Chrono Boost)  
  19  1:07  Gateway  
  19  1:12  Probe (Chrono Boost)  
  19  1:17  Probe (Chrono Boost)  
  20  1:22  Cybernetics Core  
  21  1:29  Probe  
  22  1:34  Pylon  
  22  1:41  Probe  
  23  1:53  Probe  
  24  1:58  Warp Gate  
  24  1:59  Stalker x2  
  28  2:09  Pylon  
  28  2:12  Probe  
  29  2:29  Stalker x2  
  33  2:51  Nexus  
  33  2:55  Probe  
  34  3:07  Robotics Facility, Probe  
  33  3:13  Sentry  
  33  3:19  Probe  
  36  3:23  Pylon  
  36  3:31  Probe  
  37  3:44  Probe  
  37  3:47  Sentry  
  40  3:48  Sentry  
  40  3:54  Observer (Chrono Boost)  
  43  3:56  Probe  
  44  4:05  Nexus, Probe  
  44  4:08  Observer (Chrono Boost), Probe  
  47  4:17  Probe  
  47  4:20  Probe  
  49  4:24  Adept x2  
  49  4:29  Shield Battery, Probe  
  54  4:32  Pylon  
  54  4:37  Immortal (Chrono Boost)  
  58  4:38  Probe  
  58  4:41  Probe  
  60  4:49  Assimilator  
  60  4:51  Probe  
  61  4:54  Probe  
  61  4:56  Shield Battery  
  61  4:59  Forge  
  62  5:03  Probe  
  62  5:04  Immortal (Chrono Boost)  
  62  5:06  Probe  
  64  5:14  Immortal (Chrono Boost)  
  64  5:15  Probe  
  64  5:18  Probe  
  64  5:19  Probe  
  71  5:27  Stalker x2, Probe (Chrono Boost)  
  76  5:29  Protoss Ground Weapons Level 1 (Chrono Boost)  
  76  5:30  Probe (Chrono Boost)  
  78  5:36  Probe (Chrono Boost)  
  78  5:39  Probe (Chrono Boost)  
  78  5:41  Probe (Chrono Boost), Pylon  
  80  5:45  Probe (Chrono Boost)  
  80  5:46  Probe (Chrono Boost)  
  80  5:48  Probe (Chrono Boost)  
  80  5:55  Observer, Probe  
  80  5:56  Twilight Council  
  85  5:57  Phoenix, Immortal  
  86  6:04  Probe  
  86  6:05  Gateway, Probe  
  86  6:07  Probe  
  86  6:09  Assimilator  
  88  6:15  Pylon  
  88  6:16  Probe  
  88  6:17  Probe  
  90  6:18  Gateway  
  90  6:19  Probe  
  91  6:28  Probe  
  91  6:29  Gateway  
  91  6:30  Probe  
  91  6:31  Gateway  
  93  6:32  Pylon  
  93  6:33  Probe  
  93  6:34  Charge  
  94  6:40  Probe  
  94  6:42  Phoenix  
  94  6:45  Gateway  
  94  6:47  Templar Archives  
  95  6:48  Gateway, Probe  
  95  6:50  Probe  
  95  6:51  Warp Prism (Chrono Boost)  
  97  6:56  Pylon  
  97  7:00  Zealot x2  
  103  7:04  Zealot  
  103  7:05  Pylon  
  103  7:07  Pylon  
  105  7:09  Protoss Ground Weapons Level 2 (Chrono Boost)  
  105  7:21  Pylon  
  105  7:25  Observer, Nexus  
  105  7:27  Zealot x2, High Templar x2  
  113  7:32  Archon  
  113  7:36  Zealot x2  
  117  7:39  Probe  
  117  7:41  Gateway  
  117  7:42  Pylon  
  118  7:44  Gateway  
  118  7:47  Zealot x2, High Templar x2  
  126  7:53  Archon  
  126  8:00  Zealot x4  
  126  8:04  Probe  
  131  8:06  Probe  
  131  8:08  Probe  
  131  8:09  Immortal  
  137  8:13  Pylon  
  137  8:14  Shield Battery  
  137  8:18  Probe  
  132  8:25  High Templar x2  
  132  8:26  Zealot x4  
  144  8:28  Pylon  
  144  8:30  Archon  
  144  8:31  Pylon  
  144  8:32  Zealot x2  
  148  8:38  Zealot  
  148  8:39  Zealot  
  152  8:44  Colossus  
  152  8:49  High Templar x2  
  152  8:50  Zealot x2  
  152  8:51  Photon Cannon  
  152  8:53  Pylon  
  152  8:54  Archon  
  160  8:57  Zealot x3  
  160  9:00  Zealot x2  
  170  9:03  Protoss Ground Weapons Level 3 (Chrono Boost)  
  170  9:13  Assimilator  
  170  9:14  Pylon  
  170  9:22  Probe  
  171  9:30  Zealot x8, High Templar x2  
  190  9:33  Phoenix  
  190  9:38  Archon  
  190  9:42  Immortal (Chrono Boost)  
  190  9:45  Probe  
  190  9:47  Nexus, Photon Cannon  
  190  9:50  Photon Cannon  
  175  9:59  Assimilator  
  173  10:01  Probe  
  173  10:05  Probe  
  175  10:07  Assimilator  
  175  10:10  Immortal (Chrono Boost)  
  175  10:13  Zealot x7, High Templar x2  
  197  10:17  Archon  
  193  10:25  Zealot  
  165  10:35  Zealot x7  
  147  10:44  Immortal (Chrono Boost)  
  147  10:46  High Templar x2  
  147  10:48  Zealot  
  153  10:50  Archon  
  153  10:52  Probe  
  153  10:55  Pylon  
  153  10:56  Zealot x7  
  168  11:01  Pylon  
  168  11:03  Probe  
  169  11:04  Photon Cannon  
  169  11:09  Immortal (Chrono Boost)  
  173  11:13  Stalker  
  173  11:17  Stalker x3  
  178  11:23  Probe  
  178  11:26  Probe  
  178  11:28  Zealot x4  
  187  11:38  Stalker x2, Observer  
  187  11:39  Stalker  
  191  11:44  Observer (Chrono Boost)  
  190  11:58  High Templar x2  
  190  11:59  High Templar x2  
  198  12:03  Archon x2  
  198  12:09  Photon Cannon  
  198  12:11  Shield Battery  
  198  12:15  Probe  
  199  12:17  Probe  
  199  12:19  Assimilator, Gateway  
  199  12:22  Robotics Bay  
  200  12:23  Gateway  
  200  12:27  Robotics Facility  
  196  12:41  High Templar x2  
  196  12:42  Zealot x7  
  196  12:43  Assimilator  
  186  12:45  Archon  
  186  12:46  Zealot  
Show
View Real Time Build Order
Export as new Build Order

DieMauer Protoss 

Build Orders: Phoenix Opening, Blink Stalkers, Zealot Archon 

Get SALT Encoding   

  12  0:00  Probe  
  13  0:12  Probe  
  14  0:17  Pylon  
  14  0:24  Probe (Chrono Boost)  
  15  0:36  Gateway, Probe (Chrono Boost)  
  16  0:44  Probe (Chrono Boost)  
  16  0:45  Assimilator  
  17  0:50  Probe  
  17  0:54  Assimilator  
  18  1:03  Probe (Chrono Boost)  
  19  1:07  Gateway  
  19  1:13  Probe (Chrono Boost)  
  19  1:17  Probe (Chrono Boost)  
  20  1:23  Cybernetics Core  
  21  1:29  Probe  
  22  1:34  Pylon  
  22  1:41  Probe  
  23  1:53  Probe  
  24  2:00  Stalker, Warp Gate  
  24  2:01  Sentry  
  26  2:05  Probe  
  29  2:11  Pylon  
  29  2:24  Stalker  
  29  2:28  Pylon  
  31  2:32  Sentry, Phoenix  
  33  2:44  Nexus  
  33  2:46  Probe  
  34  2:53  Shield Battery  
  34  2:58  Probe  
  35  3:09  Twilight Council  
  35  3:10  Sentry  
  37  3:13  Probe  
  37  3:16  Phoenix  
  37  3:18  Pylon  
  38  3:25  Probe  
  38  3:37  Blink (Chrono Boost), Probe  
  39  3:49  Adept x2  
  39  3:50  Probe  
  44  3:57  Probe  
  44  4:02  Probe  
  46  4:09  Probe  
  47  4:14  Probe  
  48  4:19  Nexus  
  48  4:22  Probe  
  48  4:23  Phoenix  
  49  4:26  Probe  
  50  4:34  Probe  
  50  4:36  Stalker  
  50  4:37  Stalker  
  50  4:38  Probe  
  56  4:42  Pylon  
  56  4:46  Probe  
  56  4:50  Probe  
  58  4:52  Assimilator  
  58  4:58  Probe  
  59  5:01  Stalker x2  
  59  5:02  Probe  
  59  5:05  Pylon  
  64  5:10  Probe  
  64  5:12  Robotics Facility  
  65  5:14  Probe  
  65  5:19  Forge  
  66  5:23  Probe (Chrono Boost)  
  66  5:27  Stalker, Probe (Chrono Boost)  
  70  5:30  Stalker  
  70  5:31  Probe (Chrono Boost)  
  70  5:35  Probe (Chrono Boost)  
  74  5:39  Probe (Chrono Boost)  
  74  5:40  Phoenix  
  74  5:41  Probe (Chrono Boost)  
  77  5:43  Probe (Chrono Boost)  
  77  5:44  Probe (Chrono Boost)  
  77  5:46  Probe (Chrono Boost)  
  77  5:49  Probe  
  77  5:50  Protoss Ground Weapons Level 1 (Chrono Boost)  
  77  5:53  Probe  
  77  5:57  Stalker, Probe, Shield Battery  
  77  6:01  Charge, Probe  
  77  6:02  Observer  
  82  6:05  Probe  
  82  6:09  Probe  
  84  6:12  Gateway  
  84  6:13  Pylon  
  84  6:15  Gateway  
  84  6:17  Gateway  
  84  6:20  Gateway, Phoenix  
  84  6:27  Phoenix  
  84  6:28  Gateway x2  
  84  6:33  Immortal (Chrono Boost)  
  88  6:40  Pylon  
  88  6:43  Templar Archives  
  88  6:50  Nexus  
  88  6:51  Pylon  
  88  6:59  Pylon  
  88  7:00  Pylon  
  88  7:02  Immortal (Chrono Boost)  
  92  7:09  Zealot x4  
  92  7:14  Shield Battery  
  100  7:15  Shield Battery  
  100  7:17  Pylon  
  100  7:18  Zealot  
  100  7:22  Pylon  
  102  7:23  High Templar x2  
  102  7:28  Archon  
  106  7:33  Protoss Ground Weapons Level 2 (Chrono Boost)  
  106  7:37  Zealot x2  
  106  7:38  Zealot x4, Shield Battery  
  118  7:48  Warp Prism  
  120  7:51  Probe  
  121  8:05  Phoenix  
  120  8:06  Zealot x7  
  120  8:09  Zealot  
  136  8:20  Pylon  
  136  8:22  Pylon  
  136  8:25  Phoenix  
  136  8:27  High Templar  
  136  8:28  Zealot x2, High Templar  
  136  8:29  Gateway  
  136  8:30  Gateway  
  136  8:32  Archon  
  136  8:33  Observer  
  145  8:34  Zealot  
  145  8:35  Zealot x2  
  151  8:44  Gateway  
  151  8:45  Zealot  
  153  8:55  Zealot x5  
  153  8:56  Pylon  
  153  9:01  High Templar x2  
  167  9:06  Archon  
  167  9:13  Zealot  
  167  9:16  Pylon  
  169  9:17  Zealot x2  
  169  9:18  Zealot x3  
  179  9:32  Pylon  
  179  9:35  Zealot x4  
  179  9:36  Pylon  
  179  9:38  Protoss Ground Weapons Level 3 (Chrono Boost)  
  187  9:41  Zealot  
  185  9:47  Zealot x2  
  185  9:48  Probe  
  185  9:50  Probe x3  
  191  9:55  Zealot x4  
  199  10:04  Gateway  
  199  10:05  Gateway, Probe, Photon Cannon  
  200  10:10  Gateway  
  200  10:25  Stalker x10  
  140  10:38  Zealot  
  122  10:47  Zealot  
  122  10:48  Zealot x6  
  122  10:49  Zealot x3  
  142  10:50  Probe x3  
  145  11:01  Pylon  
  145  11:02  Probe x2  
  147  11:06  High Templar x2  
  147  11:07  Zealot  
  147  11:09  Nexus  
  147  11:10  Nexus  
  153  11:13  Archon  
  153  11:26  Zealot x9  
  153  11:27  Shield Battery  
  153  11:32  Zealot x2  
  139  11:48  High Templar  
  139  11:49  Zealot x8, High Templar, Photon Cannon  
  139  11:53  Archon  
  159  11:58  Zealot x3  
  159  12:04  Zealot  
  161  12:10  Zealot x5  
  161  12:11  Zealot  
  169  12:20  Assimilator  
  169  12:22  Assimilator, Zealot x2  
  169  12:23  Zealot x5  
  183  12:34  Zealot x6  
  183  12:43  Zealot x3  
  158  12:47  Zealot x3  
Tags
 
Add a new tag
Caveats
  • Supply blocks, unpowered buildings, or Contaminate may cause inaccurate times.
  • Supply counts are checked every 10 seconds.